 Dungeon Crawl Stone Soup version 0.28.0-53-g5a82cb258f (webtiles) character file.

Game seed: 7549586539188863608

143 Peloso the Covered (level 5, -5/46 HPs)
             Began as a Minotaur Fighter on May 27, 2022.
             Slain by a gnoll shaman
             ... wielding a +0 club
              (8 damage)
             ... on level 3 of the Dungeon.
             The game lasted 00:02:05 (2405 turns).

Peloso the Covered (Minotaur Fighter)               Turns: 2405, Time: 00:02:06

Health: -5/46      AC:  7    Str: 21    XL:     5   Next: 4%
Magic:  4/4        EV:  9    Int:  5    God:
Gold:   135        SH:  4    Dex: 11    Spells: 4/4 levels left

rFire   . . .      SeeInvis .   a - +0 long sword
rCold   . . .      Faith    .   c - +0 buckler
rNeg    . . .      Spirit   .   b - +0 scale mail
rPois   .          Reflect  .   (helmet restricted)
rElec   .          Harm     .   (no cloak)
rCorr   .          Rampage  .   (no gloves)
Will    .....                   (no boots)
Stlth   ..........              (no amulet)
HPRegen 0.15/turn               (no ring)
MPRegen 0.09/turn               (no ring)

@: no status effects
A: horns 2, retaliatory headbutt
a: no special abilities


You were on level 3 of the Dungeon.
You visited 1 branch of the dungeon, and saw 4 of its levels.

You collected 135 gold pieces.

Inventory:

Hand Weapons
 a - a +0 long sword (weapon)
Armour
 b - a +0 scale mail (worn)
 c - a +0 buckler (worn)
Scrolls
 e - a scroll of noise {unknown}
 h - 3 scrolls of identify {unknown}
 i - a scroll of enchant armour {unknown}
Potions
 d - 2 potions of might
 f - a potion of brilliance
 g - a potion of attraction {unknown}
 j - a potion of curing


   Skills:
 + Level 4.2 Fighting
 + Level 4.2 Long Blades
 + Level 5.0 Armour
 + Level 0.4 Dodging
 + Level 0.2 Stealth
 + Level 4.0 Shields


You had 4 spell levels left.
You didn't know any spells.
Your spell library contained the following spells:

 Spells                   Type           Power      Damage    Failure   Level
 Scorch                   Fire           0%         2d5       95%         2
 Flame Wave               Conj/Fire      0%         2d4       100%        4
 Summon Cactus Giant      Summ           0%         N/A       100%        6


Dungeon Overview and Level Annotations

Branches:
Dungeon (4/15)
 Temple: D:4-7

Altars:
Qazlal
Uskayaw


Innate Abilities, Weirdness & Mutations

You have a pair of horns on your head.
You reflexively headbutt those who attack you in melee.


Message History

You hit the scorpion but do no damage.
The scorpion is heavily wounded.
The scorpion barely misses you.
You barely miss the scorpion.
The scorpion is heavily wounded.
The scorpion closely misses you. You furiously retaliate!
You headbutt the scorpion. The scorpion stings you.
* * * LOW HITPOINT WARNING * * *
You hit the scorpion. You headbutt the scorpion.
You kill the scorpion!
Your Long Blades skill increases to level 4!
Your Armour skill increases to level 5!
You have reached level 5!
Things that are here:
a +0 short sword; a +0 ring mail; a +0 flail The gnoll shaman calls upon its god to speed up the gnoll.
The gnoll seems to speed up.
You block the gnoll's attack.
The gnoll hits you from afar with a +0 spear!
* * * LOW HITPOINT WARNING * * *
The gnoll barely misses you.
The gnoll hits you from afar with a +0 spear.
* * * LOW HITPOINT WARNING * * *
Things that are here:
a +0 short sword; a +0 ring mail; a +0 flail
Things that are here:
a +0 whip; a gnoll corpse The gnoll barely misses you.
The gnoll shaman barely misses you. You furiously retaliate!
You headbutt the gnoll shaman!
You see here a hobgoblin corpse.
There is a stone staircase leading up here.
The gnoll hits you but does no damage.
You climb upwards.
There is a stone staircase leading down here.
You completely miss the gnoll shaman.
The gnoll shaman is heavily wounded.
The gnoll shaman hits you but does no damage.
The gnoll shaman hits you with a +0 club!
You die...

######### #.......#
##.####.##################
#.# #.#@................
#.# #.#g##########...#..
#.# #.#.................
#.# #.###########....#..
#.# #.# #....#.. #.# #.#
#....### #.# #.# #....#
#.####.# #.#### #.#..#.#
#.#


You could see a gnoll shaman.

Vanquished Creatures
  A scorpion (D:4)
  2 gnolls (D:4)
  3 adders (D:3)
  A dart slug (D:1)
  An orc (D:4)
  7 ball pythons
  3 bats
  2 endoplasms
  3 giant cockroaches
  3 goblins
  4 hobgoblins
  2 kobolds
  3 frilled lizards
  A rat (D:3)
36 creatures vanquished.

Notes
Turn   | Place    | Note
-------+----------+-------------------------------------------
     0 | D:1      | Peloso the Minotaur Fighter began the quest for the Orb.
     0 | D:1      | Reached XP level 1. HP: 19/19 MP: 0/0
   295 | D:1      | Reached XP level 2. HP: 27/27 MP: 1/1
   364 | D:1      | Reached skill level 4 in Armour
  1342 | D:2      | Found a faded altar of an unknown god.
  1483 | D:3      | Reached XP level 3. HP: 33/33 MP: 2/2
  2301 | D:3      | Found a faded altar of an unknown god.
  2306 | D:3      | Found a hide-covered altar of Uskayaw.
  2371 | D:4      | Found a stormy altar of Qazlal.
  2375 | D:4      | Noticed a scorpion
  2378 | D:4      | Reached XP level 4. HP: 26/40 MP: 3/3
  2383 | D:4      | HP: 1/40 [scorpion (5)]
  2390 | D:4      | Killed a scorpion
  2391 | D:4      | Reached skill level 5 in Armour
  2391 | D:4      | Reached XP level 5. HP: 9/46 MP: 4/4
  2394 | D:4      | HP: 2/46 [gnoll/+0 spear (7)]
  2405 | D:3      | Slain by a gnoll shaman

Illustrated notes

Levels and vault maps discovered:
D:1:      ncdulo_lavacross, layout_basic, grunt_decor_fettered
D:2:      layout_basic, dreamdust_ecumenical_altar_angels_and_demons,
          kennysheep_path_1
D:3:      layout_basic, nicolae_overflow_ecumenical_swirl,
          kennysheep_pointless_box
D:4:      layout_basic, mainiacjoe_overflow_boulevard,
          mainiacjoe_overflow_paths, ashenzari_altar_1,
          kennysheep_generic_room_7

Skill      XL: |  1  2  3  4 |
---------------+-------------+-----
Armour         | 4 5 |  5.0
Shields        | 4 |  4.0
Long Blades    | 3 4 |  4.2
Fighting       | 4 |  4.2
Dodging        | |  0.4
Stealth        | |  0.2

Action                   |  1- 3 |  4- 6 || total
-------------------------+-------+-------++-------
Melee: Long sword        |    67 |    13 ||    80
       Headbutt          |     8 |     2 ||    10
  Use: Potion            |     3 |     1 ||     4
Armor: Scale mail        |    40 |     5 ||    45
Dodge: Dodged            |    31 |    11 ||    42
Block: Buckler           |     9 |     4 ||    13
